 Dungeon Crawl Stone Soup version 0.26-a0-1107-g6118521029 (webtiles) character file.

Game seed: 18137926997682475644

9289 streetpizza the Destroyer (level 11, -8/99 HPs)
             Began as a Deep Elf Conjurer on Dec 16, 2020.
             Was a Priest of Vehumet.
             Mangled by a cyclops (18 damage)
             ... on level 11 of the Dungeon.
             The game lasted 01:04:58 (13404 turns).

streetpizza the Destroyer (Deep Elf Conjurer)      Turns: 13404, Time: 01:04:58

Health: -8/99      AC: 25    Str:  8    XL:     11   Next: 21%
Magic:  27/27      EV:  2    Int: 26    God:    Vehumet [***...]
Gold:   163        SH:  0    Dex: 15    Spells: 24/31 levels left

rFire    + . .     SeeInvis +   J - +8 falchion of Palidwux {protect, Fragile rC+ Str+3 Dex+2}
rCold    + + .     Faith    .   (no shield)
rNeg     + + +     Spirit   .   (armour currently unavailable)
rPois    +         Reflect  .   (helmet currently unavailable)
rElec    +         Harm     .   (cloak currently unavailable)
rCorr    +         Rampage  .   (gloves currently unavailable)
Will     +....     NoTele   +   (boots currently unavailable)
Stlth    ++........             (no amulet)
HPRegen  0.26/turn              f - ring of see invisible
MPRegen  0.20/turn              C - ring of poison resistance

@: tree-form, resistant
A: no striking features
a: Renounce Religion


You were on level 11 of the Dungeon.
You worshipped Vehumet.
Vehumet was most pleased with you.
You were a tree.
You visited 2 branches of the dungeon, and saw 12 of its levels.
You also visited: Sewer.

You collected 695 gold pieces.
You spent 532 gold pieces at shops.

Inventory:

Hand Weapons
 r - a +2 quarterstaff of chaos
 E - a +3 morningstar of freezing
 H - a +4 mace of freezing
 J - the +8 falchion of Palidwux (weapon) {protect, Fragile rC+ Str+3 Dex+2}
   (You found it on level 6 of the Dungeon)

   It grants its wielder temporary protection when it strikes (+7 to AC).
   It affects your strength (+3).
   It affects your dexterity (+2).
   It protects you from cold.
   It will be destroyed if unequipped.
Missiles
 j - 82 poisoned darts (quivered)
Armour
 o - a scarf of invisibility
 s - a +0 cloak (melded)
 y - a +2 helmet (melded)
 I - a +2 robe of cold resistance (melded)
 R - a +2 pair of gloves (melded)
Jewellery
 f - a ring of see invisible (left branch)
 i - a +6 ring of dexterity
 n - an uncursed ring of ice
 B - a cursed -4 ring of dexterity
 C - a ring of poison resistance (right branch)
 L - a +6 ring of strength
Wands
 u - a wand of digging (12)
 K - a wand of flame (18)
 O - a wand of acid (6)
 P - a wand of iceblast (14)
 S - a wand of paralysis (10)
 U - a wand of random effects (12)
Scrolls
 a - 3 scrolls of random uselessness {unknown}
 c - 4 scrolls of fear {unknown}
 d - 7 scrolls of identify
 h - 7 scrolls of remove curse
 m - 17 scrolls of teleportation
 p - 6 scrolls of enchant armour {unknown}
 w - 4 scrolls of enchant weapon {unknown}
 x - 3 scrolls of fog {unknown}
 D - 2 scrolls of magic mapping {unknown}
 M - a scroll of brand weapon {unknown}
 N - a scroll of silence {unknown}
 Q - a scroll of holy word {unknown}
Potions
 b - 2 potions of attraction {unknown}
 e - 2 potions of magic
 g - 8 potions of flight
 k - 2 potions of berserk rage {unknown}
 l - 4 potions of resistance
 q - 4 potions of curing
 t - 4 potions of lignification
 v - a potion of mutation {unknown}
 z - 3 potions of might
 A - a potion of heal wounds {unknown}
 F - 2 potions of haste
 G - a potion of cancellation {unknown}
Miscellaneous
 T - a box of beasts


   Skills:
 + Level 6.5 Fighting
 + Level 9.7 Dodging
 - Level 2.4 Stealth
 + Level 10.6 Spellcasting
 * Level 12.6 Conjurations


You had 24 spell levels left.
You knew the following spells:

 Your Spells              Type           Power        Failure   Level
a - Magic Dart            Conj           ####         1%          1
b - Searing Ray           Conj           ######       1%          2
c - Iskenderun's Mystic   Conj/Tloc      #####...     1%          4

Your spell library contained the following spells:

 Spells                   Type           Power        Failure   Level
 Static Discharge         Conj/Air       #####...     1%          3
 Dazzling Flash           Conj/Hex       #####.       1%          3
 Fulminant Prism          Conj/Hex       #####.....   1%          4
 Animate Skeleton         Necr           ##....       4%          1
 Apportation              Tloc           ##....       4%          1
 Corona                   Hex            ##.....      4%          1
 Pain                     Necr           ##..         4%          1
 Summon Small Mammal      Summ           ##..         4%          1
 Vampiric Draining        Necr           ##........   13%         3
 Animate Dead             Necr           ##........   41%         4
 Agony                    Necr           ##......     77%         5


Dungeon Overview and Level Annotations

Branches:
Dungeon (11/15)            Temple (1/1) D:4            Lair (0/6) D:9
    Orc (0/2) D:11          Sewer (visited)

Altars:
Ashenzari
Cheibriados
Dithmenos
Elyvilon
Fedhas
Gozag
Hepliaklqana
Kikubaaqudgha
Makhleb
Nemelex Xobeh
Okawaru
Qazlal
Ru
Sif Muna
Trog
Uskayaw
Vehumet
Wu Jian
Xom
Yredelemnul
Zin
The Shining One

Shops:
D:4 !   D:9 [[   D:10 *

Portals:
Trove: D:10 (show abyssal rune of Zot)

Annotations:
D:6 3 runed translucent doors, PastaSoupJuice's ghost, novice DsIE; Sabo's ghost, novice DDFi; stormannn's ghost, novice DEVM
D:11 Fannar


Message History

* * * LOW HITPOINT WARNING * * *
Evoke which item? (* to show all) (? for menu, Esc to quit)
Aiming: Paralyse
Press: ? - help, Shift-Dir - straight line, f - cyclops
Aim: a cyclops, quivering 2 large rocks (chance to affect: 28%)
Okay, then.
It was a potion of resistance.
You feel protected. The cyclops misses you.
It was a potion of curing.
You feel better.
It was a potion of lignification.
You turn into a tree.
Your +0 cloak melds into your body.
Your +2 helmet melds into your body.
Your +2 pair of gloves melds into your body.
Your +2 robe of cold resistance melds into your body.
You feel less resistant to cold.
Your roots penetrate the ground.
The cyclops hits you!
* * * LOW HITPOINT WARNING * * *
It was a potion of magic.
Magic courses through your body. The cyclops hits you!!
You die...

#.......#...#..##
#.#..O.........#
##.##.#..#...#..#
#.....†##...##..#
#.##...##./.....#
#.#...#..#.##...#
#..........O ..#
#(#...#........#
#♣##.##.#...#.
#C......##.##
###.........
####.......
######


You could see a cyclops and an ogre (wandering).

Vanquished Creatures
  Pikel (D:6)
  Joseph (D:10)
  A komodo dragon (D:9)
  2 trolls
  A hornet (D:8)
  Prince Ribbit (D:6)
  A spriggan (D:10)
  A wyvern (D:9)
  Sigmund (D:3)
  12 yaks (D:10)
  Duvessa (D:6)
  A water moccasin (D:5)
  4 orc warriors
  2 sky beasts
  3 ice beasts
  2 black bears
  3 phantoms
  8 ogres
  5 centaurs
  2 lemures (D:6)
  A wyvern zombie (D:5)
  3 bullfrogs
  Dowan (D:6)
  A scorpion (D:10)
  6 killer bees (D:8)
  13 wights
  5 howler monkeys
  4 electric eels (D:9)
  2 bullfrog zombies
  7 jellies
  A quasit (D:11)
  7 hounds
  6 orc wizards
  A bullfrog skeleton (D:5)
  2 orc priests
  Crazy Yiuf (D:2)
  A centaur skeleton (D:4)
  2 iguanas
  2 worker ants
  2 hound skeletons
  Robin (D:4)
  A howler monkey zombie (D:9)
  A worker ant zombie (D:8)
  8 gnolls
  11 adders
  A shadow imp (D:6)
  3 ufetubi
  An ooze (D:4)
  An adder zombie (D:5)
  2 adder skeletons (D:8)
  2 worms
  6 dart slugs
  5 leopard geckos
  29 orcs
  9 bats
  4 giant cockroaches
  14 goblins
  9 hobgoblins
  12 jackals
  4 quokkas
  8 ball pythons
  6 frilled lizards
  11 kobolds
  2 leopard gecko skeletons
  2 quokka zombies
  5 rats
279 creatures vanquished.

Vanquished Creatures (others)
  3 fungi (D:2)
  18 plants
  4 withered plants (D:6)
25 creatures vanquished.

Grand Total: 304 creatures vanquished

Notes
Turn   | Place    | Note
-------+----------+-------------------------------------------
     0 | D:1      | streetpizza the Deep Elf Conjurer began the quest for the
                  | Orb.
     0 | D:1      | Reached XP level 1. HP: 10/10 MP: 6/6
    17 | D:1      | Upgraded the game from 0.26-a0-1102-g347fe5baa7 to
                  | 0.26-a0-1107-g6118521029
   278 | D:1      | Reached XP level 2. HP: 15/15 MP: 6/8
   281 | D:1      | Learned a level 2 spell: Searing Ray
   928 | D:2      | Reached XP level 3. HP: 20/20 MP: 4/9
  1608 | D:2      | Found a runed translucent door.
  1609 | D:2      | Noticed Crazy Yiuf
  1615 | D:2      | Killed Crazy Yiuf
  1616 | D:2      | Reached skill level 1 in Fighting
  1616 | D:2      | Reached skill level 5 in Conjurations
  1692 | D:3      | Reached XP level 4. HP: 25/25 MP: 7/11
  2070 | D:3      | Found a burning altar of Makhleb.
  2156 | D:3      | Noticed Sigmund
  2161 | D:3      | Killed Sigmund
  2162 | D:3      | Reached skill level 6 in Conjurations
  2162 | D:3      | Reached XP level 5. HP: 30/30 MP: 8/13
  2363 | D:4      | Reached XP level 6. HP: 14/35 MP: 10/14
  2608 | D:4      | Found a staircase to the Ecumenical Temple.
  2930 | D:4      | Found a glowing drain.
  2940 | Sewer    | Entered a sewer
  3966 | D:4      | Found Toetutew's Distillery.
  3981 | D:4      | Reached skill level 5 in Spellcasting
  3989 | D:4      | Bought a potion of flight for 42 gold pieces
  3989 | D:4      | Bought a potion of degeneration for 14 gold pieces
  3989 | D:4      | Bought a potion of might for 56 gold pieces
  4030 | D:4      | Reached XP level 7. HP: 36/40 MP: 16/16
  4129 | D:4      | Found a shadowy altar of Dithmenos.
  4174 | D:5      | Entered Level 5 of the Dungeon
  4281 | D:5      | Reached skill level 7 in Conjurations
  4556 | D:4      | Learned a level 4 spell: Iskenderun's Mystic Blast
  4708 | D:5      | Reached skill level 5 in Dodging
  4953 | D:5      | Reached XP level 8. HP: 43/46 MP: 9/19
  5086 | D:5      | Reached skill level 8 in Conjurations
  5686 | Temple   | Entered the Ecumenical Temple
  5746 | Temple   | Became a worshipper of Vehumet
  6071 | D:4      | Noticed Robin
  6078 | D:4      | Killed Robin
  6545 | D:6      | Reached skill level 9 in Conjurations
  6753 | D:6      | Noticed Pikel
  6786 | D:6      | Killed Pikel
  6787 | D:6      | Reached XP level 9. HP: 52/52 MP: 14/22
  6875 | D:6      | Got a polished falchion
  6876 | D:6      | Identified the +8 falchion of Palidwux {protect, Fragile
                  | rC+ Str+3 Dex+2} (You found it on level 6 of the Dungeon)
  6949 | D:6      | Noticed Dowan
  6959 | D:6      | Killed Dowan
  6969 | D:6      | Noticed Duvessa
  7033 | D:6      | Killed Duvessa
  7247 | D:6      | Noticed Prince Ribbit
  7257 | D:6      | Killed Prince Ribbit
  7267 | D:6      | Reached skill level 10 in Conjurations
  7434 | D:6      | Found a runed translucent gate.
  7434 | D:6      | Found a runed translucent gate.
  7435 | D:6      | Found a runed translucent gate.
  7435 | D:6      | Noticed stormannn's ghost (novice DEVM)
  7435 | D:6      | Noticed Sabo's ghost (novice DDFi)
  7435 | D:6      | Noticed PastaSoupJuice's ghost (novice DsIE)
  8345 | D:7      | Reached * piety under Vehumet
  8345 | D:7      | Offered knowledge of Sandblast by Vehumet.
  8713 | D:7      | Reached skill level 5 in Fighting
  9032 | D:8      | Paralysed by a hornet for 1 turns
  9162 | D:8      | Reached XP level 10. HP: 49/59 MP: 4/24
  9977 | D:8      | Reached skill level 11 in Conjurations
 10428 | D:9      | Reached ** piety under Vehumet
 10438 | D:9      | Offered knowledge of Shock by Vehumet.
 11533 | D:9      | Found a staircase to the Lair.
 11606 | D:9      | Found Urehaurgh's Antique Armour Boutique.
 11857 | D:9      | Found Ziwuash's Armour Boutique.
 12057 | D:10     | Entered Level 10 of the Dungeon
 12083 | D:10     | Noticed Joseph
 12108 | D:10     | Killed Joseph
 12168 | D:10     | Found Congessi's Assorted Antiques.
 12206 | D:10     | Reached skill level 10 in Spellcasting
 12206 | D:10     | Reached skill level 12 in Conjurations
 12582 | D:10     | Found a portal to a secret trove of treasure.
 12696 | D:10     | Offered knowledge of Static Discharge by Vehumet.
 12748 | D:10     | Reached *** piety under Vehumet
 12749 | D:10     | Reached XP level 11. HP: 46/64 MP: 23/27
 13219 | D:10     | Bought a leatherbound book for 420 gold pieces
 13265 | D:11     | Found a staircase to the Orcish Mines.
 13381 | D:11     | Noticed Fannar
 13404 | D:11     | Mangled by a cyclops

Illustrated notes

Levels and vault maps discovered:
D:1:      scummos_arrival_simple_fountains, layout_loops_ring
D:2:      layout_basic, minmay_liquid_box, serial_bayou_ford_a,
          uniq_crazy_yiuf_cottage
D:3:      layout_rooms, makhleb_heckhound_becter, uniq_sigmund
D:4:      layout_loops_ring, minmay_temple_entry_from_below_a, serial_shops,
          shop, portal_sewer_entry_d, grunt_dithmenos_smoke_and_mirrors,
          uniq_robin
D:5:      kennysheep_slugbush, layout_rooms, dk_noncrumbling_4
D:6:      layout_loops_ring, gammafunk_ghost_cemetery, uniq_prince_ribbit1,
          uniq_duvessa, uniq_pikel
D:7:      layout_gridville
D:8:      layout_basic
D:9:      layout_basic, david_lair_shrubbed, serial_shops, nicolae_shop_crystal,
          kennysheep_mini, kennysheep_decorative_pillar
D:10:     layout_loops_cross, enter_trove_6, serial_shops,
          kennysheep_little_box, the_bakery, uniq_joseph
D:11:     layout_basic, orc_david_3, gauntlet_entry_generic,
          hangedman_decor_clover_reticule, uniq_fannar
Temple:   dpeg_three_leaves_temple

Skill      XL: |  1  2  3  4  5  6  7  8  9 10 |
---------------+-------------------------------+-----
Dodging        | 3 4 5 6 8 9 |  9.7
Fighting       | 1 2 3 4 5 6 |  6.5
Conjurations   | 5 6 7 9 10 12 | 12.6
Spellcasting   | 4 5 6 7 8 10 | 10.6
Stealth        | |  2.4

Action                   |  1- 3 |  4- 6 |  7- 9 | 10-12 || total
-------------------------+-------+-------+-------+-------++-------
Melee: Club              |     4 |       |       |       ||     4
       Quarterstaff      |       |   106 |    26 |       ||   132
       Morningstar       |       |       |    44 |       ||    44
       Mace              |       |       |    15 |       ||    15
       Falchion          |       |       |    39 |   106 ||   145
Throw: Dart              |       |       |     5 |     1 ||     6
 Cast: Magic Dart        |    40 |    14 |     3 |       ||    57
       Searing Ray       |     2 |    11 |    63 |    46 ||   122
       Iskenderun's Myst |       |       |    11 |     3 ||    14
  Use: Scroll            |       |       |       |     2 ||     2
       Potion            |       |       |       |     4 ||     4
 Stab: Sleeping          |       |     5 |     6 |       ||    11
Armor: Robe              |       |    18 |    53 |    40 ||   111
Dodge: Dodged            |     3 |    93 |   146 |   140 ||   382
       Rpst.: Falchion   |       |       |    11 |    27 ||    38

Table legend: (Time is in decaauts)
 A = Elapsed time spent in this place.
 B = Non-inter-level travel time spent in this place.
 C = Inter-level travel time spent in this place.
 D = Time resting spent in this place.
 E = Time spent auto-exploring this place.
 F = Levels seen in this place.
 G = Mean time per level.
                   A        B        C        D        E       F      G
               +--------+--------+--------+--------+--------+-----+--------+
         Total |  13683 |  13199 |    484 |    901 |   9496 |  13 | 1052.5 |
       Dungeon |  12465 |  11994 |    471 |    901 |   8567 |  11 | 1133.2 |
        Temple |     79 |     66 |     13 |      0 |     57 |   1 |   79.0 |
         Sewer |   1138 |   1138 |      0 |      0 |    872 |   1 | 1138.0 |
               +--------+--------+--------+--------+--------+-----+--------+

Top non-repeatable levels by time:
     D:7: 1779 daAuts
     D:4: 1640 daAuts
     D:9: 1514 daAuts
     D:6: 1348 daAuts
     D:5: 1306 daAuts
    D:10: 1211 daAuts
     D:8: 1155 daAuts
   Sewer: 1138 daAuts
     D:2: 983 daAuts
     D:1: 708 daAuts
     D:3: 670 daAuts
    D:11: 147 daAuts
  Temple: 79 daAuts
